 Dungeon Crawl Stone Soup version 0.22.0-1-g6561e4c (webtiles) character file.

345 tsouns the Cudgeler (level 6, -1/49 HPs)
             Began as a Human Monk on Aug 12, 2018.
             Was a Priest of Zin.
             Slain by an orc
             ... wielding a +0 hand axe
              (7 damage)
             ... on level 4 of the Dungeon.
             The game lasted 00:12:23 (5203 turns).

tsouns the Cudgeler (Human Monk)                    Turns: 5203, Time: 00:12:24

Health: -1/49      AC:  6    Str: 14    XL:     6   Next: 89%
Magic:  4/6        EV: 12    Int: 12    God:    Zin [***...]
Gold:   75         SH:  0    Dex: 16    Spells: 5/5 levels left

rFire    . . .     SeeInvis .   a - +0 mace
rCold    . . .     Gourm    .   (no shield)
rNeg     . . .     Faith    .   r - +0 ring mail
rPois    ∞         Spirit   .   f - +0 helmet
rElec    .         Reflect  .   (no cloak)
rCorr    .         Harm     .   (no gloves)
MR       .....                  (no boots)
Stlth    +.........             (no amulet)
HPRegen  0.16/turn              q - ring of wizardry
MPRegen  0.10/turn              (no ring)

@: vitalised
A: no striking features
a: Recite, Vitalisation, Imprison, Donate Gold, Renounce Religion


You were on level 4 of the Dungeon.
You worshipped Zin.
Zin was most pleased with you.
You were not hungry.

You visited 2 branches of the dungeon, and saw 5 of its levels.

You collected 140 gold pieces.
You donated 65 gold pieces to Zin.

Inventory:

Hand Weapons
 a - a +0 mace (weapon)
Missiles
 e - 3 curare-tipped needles
 h - 89 stones (quivered)
 j - 35 sling bullets
Armour
 b - a +0 robe
 f - a +0 helmet (worn)
 r - a +0 ring mail (worn)
Jewellery
 q - a ring of wizardry (left hand)
Wands
 m - a wand of flame (2)
Scrolls
 d - 2 scrolls of identify
Potions
 g - a potion of flight
 n - a potion of lignification
Comestibles
 c - 2 rations


   Skills:
 + Level 4.7 Fighting
 * Level 6.1 Maces & Flails
 - Level 3.0 Dodging
 - Level 2.0 Stealth
 + Level 0.6 Invocations


You had 5 spell levels left.
You didn't know any spells.
Your spell library contained the following spells:

 Spells                   Type           Power        Failure   Level  Hunger
 Deflect Missiles         Chrm/Air       #.........   100%        6    #######
 Silence                  Hex/Air        #.........   99%         5    ######.
 Conjure Ball Lightning   Conj/Air       #.........   100%        6    #######
 Tornado                  Air            #.........   100%        9    #######
 Summon Lightning Spire   Summ/Air       #.......     92%         4    #####..


Dungeon Overview and Level Annotations

Branches:
Dungeon (4/15)             Temple (1/1) D:4

Altars:
Ashenzari
Cheibriados
Dithmenos
Elyvilon
Gozag
Hepliaklqana
Kikubaaqudgha
Makhleb
Nemelex Xobeh
Okawaru
Qazlal
Ru
Sif Muna
Trog
Uskayaw
Vehumet
Xom
Yredelemnul
Zin
The Shining One

Annotations:
D:3 2 transporters, nicolaieve's ghost, amateur MiBe


Message History

The orc closely misses you. The orc priest misses you.
You hit the orc priest but do no damage.
The orc priest is heavily wounded.
The orc hits you with a hand axe. The orc priest hits you.
* * * LOW HITPOINT WARNING * * *
You feel better.
The orc priest invokes the aid of Beogh against you.
Beogh smites you!
* * * LOW HITPOINT WARNING * * *
The orc hits you but does no damage.
You hit the orc priest.
The orc priest is almost dead.
The orc priest hits you but does no damage.
The orc closely misses you. Zin grants you divine stamina.
The orc priest mumbles some strange prayers to Beogh against you.
Pain shoots through your body!
* * * LOW HITPOINT WARNING * * *
The orc hits you with a hand axe!
You die...

##.#.# o. #... #...#
.. ..... #..# (8
...... #).# . ..oo...
#..# #..o.....
#####..# #...)..#
#....#[#######(##
#....#...@o......
#....#....o.....#
#....#..........#..
#....####+##....#...
#....(.....######....
# #..............
....#####
#####..........
.........
#..'..........
.........
#.<#..........
.........


You could see an orc priest and an orc.

Vanquished Creatures
  A phantom (D:4)
  An orc wizard (D:4)
  2 worker ants (D:4)
  6 adders
  A howler monkey skeleton (D:4)
  3 gnolls (D:4)
  2 oozes (D:3)
  An adder zombie (D:4)
  A worm (D:3)
  A dart slug (D:4)
  A leopard gecko (D:3)
  7 orcs
  3 ball pythons
  7 bats
  A giant cockroach (D:1)
  12 goblins
  7 hobgoblins
  2 quokkas
  8 kobolds
  6 rats
73 creatures vanquished.

Notes
Turn   | Place    | Note
-------+----------+-------------------------------------------
     0 | D:1      | tsouns the Human Monk began the quest for the Orb.
     0 | D:1      | Reached XP level 1. HP: 18/18 MP: 1/1
    64 | D:1      | Reached XP level 2. HP: 20/24 MP: 2/2
   514 | D:1      | Reached XP level 3. HP: 27/29 MP: 3/3
  1338 | D:2      | Reached skill level 4 in Maces & Flails
  1717 | D:2      | Reached XP level 4. HP: 31/35 MP: 4/4
  2080 | D:3      | Found a transporter.
  2582 | D:3      | Reached XP level 5. HP: 37/42 MP: 5/5
  2589 | D:3      | Found a transporter.
  2589 | D:3      | Noticed nicolaieve's ghost (amateur MiBe)
  3098 | D:4      | Noticed a phantom
  3298 | D:4      | Killed a phantom
  3298 | D:4      | Reached skill level 5 in Maces & Flails
  3298 | D:4      | Reached XP level 6. HP: 14/49 MP: 6/6
  4174 | D:4      | Found a staircase to the Ecumenical Temple.
  4220 | Temple   | Entered the Ecumenical Temple
  4386 | Temple   | Became a worshipper of Zin the Law-Giver
  4386 | Temple   | Reached * piety under Zin
  4386 | Temple   | Reached ** piety under Zin
  4588 | D:4      | Noticed an orc warrior
  4640 | D:4      | Donated 51 gold pieces to Zin
  5029 | D:4      | Reached skill level 6 in Maces & Flails
  5067 | D:4      | Reached *** piety under Zin
  5203 | D:4      | Slain by an orc

Skill      XL: |  1  2  3  4  5  6 |
---------------+-------------------+-----
Maces & Flails | 4 5 6 |  6.1
Fighting       | 4 |  4.7
Dodging        | |  3.0
Stealth        | |  2.0
Invocations    | |  0.6

Action                   |  1- 3 |  4- 6 || total
-------------------------+-------+-------++-------
Melee: Mace              |    81 |   248 ||   329
Throw: Stone             |       |    19 ||    19
Invok: Vitalisation      |       |     1 ||     1
       Donate Gold       |       |     1 ||     1
Evoke: Wand              |       |     3 ||     3
  Use: Scroll            |       |     7 ||     7
       Potion            |       |     3 ||     3
 Stab: Sleeping          |     9 |     7 ||    16
  Eat: Ration            |     1 |     2 ||     3
       Chunk             |       |     5 ||     5
Armor: Robe              |    21 |    21 ||    42
       Ring mail         |       |    41 ||    41
Dodge: Dodged            |    50 |   155 ||   205
